 Dungeon Crawl Stone Soup version 0.19.1 (webtiles) character file.

4274 Haldmier the Frost Mage (level 10, -9/53 HPs)
             Began as a Deep Elf Ice Elementalist on Dec 3, 2016.
             Was a Believer of Kikubaaqudgha.
             Killed from afar by a gnoll (21 damage)
             ... with a wand of acid
             ... on level 8 of the Dungeon.
             The game lasted 00:58:35 (8305 turns).

Haldmier the Frost Mage (Deep Elf Ice Elementalist) Turns: 8305, Time: 00:58:36

Health: -9/53      AC: 14    Str:  5    XL:     10   Next: 10%
Magic:  14/30      EV: 15    Int: 24    God:    Kikubaaqudgha [**....]
Gold:   397        SH:  0    Dex: 15    Spells: 8 memorised, 1 level left

rFire  + . .     SeeInvis .     s - +3 trident (pierce)
rCold  . . .     Gourm    .     C - +2 robe
rNeg   . . .     Faith    .     (no shield)
rPois  .         Spirit   .     n - +1 helmet
rElec  .         Reflect  .     (no cloak)
rCorr  .         Harm     .     (no gloves)
MR     +....                    (no boots)
Stlth  +++.......               K - amulet of regeneration
                                w - ring of protection from fire
                                m - ring of magical power

@: icy armour, regenerating, slow
A: no striking features
a: Receive Corpses, Renounce Religion


You were on level 8 of the Dungeon.
You worshipped Kikubaaqudgha.
Kikubaaqudgha was pleased with you.
You were not hungry.

You visited 2 branches of the dungeon, and saw 9 of its levels.

You collected 397 gold pieces.

Inventory:

Hand Weapons
 a - a +0 dagger of venom
 s - a +3 trident of piercing (weapon)
 y - a +2 whip of flaming
 z - a +0 blowgun
 S - the +7 spear of Premature Burial {pierce, rN+ Str+2, unknown}
   (You took it off a wight on level 8 of the Dungeon)

   It inflicts extra damage upon your enemies.
   It affects your strength (+2).
   It protects you from negative energy.
 T - a +1 dagger of speed
Missiles
 A - 27 poisoned needles
 M - 2 tomahawks of returning (quivered)
Armour
 n - a +1 helmet (worn)
 r - +0 ice dragon scales
 C - a +2 robe (worn)
Jewellery
 m - a ring of magical power (left hand)
 p - a +3 ring of slaying
 w - a ring of protection from fire (right hand)
 B - an uncursed amulet of faith
 K - an amulet of regeneration (around neck)
 Q - an uncursed ring of poison resistance {unknown}
Wands
 H - a wand of lightning (10/15)
Scrolls
 e - 2 scrolls of enchant armour
 i - a scroll of teleportation {unknown}
 j - 2 scrolls of immolation {unknown}
 k - 5 scrolls of enchant weapon
 q - a scroll of amnesia {unknown}
 t - 3 scrolls of remove curse
 x - 2 scrolls of fog {unknown}
 E - a scroll of identify
 F - a scroll of magic mapping
 G - 2 scrolls of recharging
 J - a scroll of vulnerability {unknown}
 R - a scroll of torment {unknown}
Potions
 h - 6 potions of curing
 l - 5 potions of flight
 u - a potion of lignification
 v - a potion of brilliance
 D - 2 potions of heal wounds
 O - 2 potions of resistance
Books
 b - a book of Frost

   Spells                             Type                      Level
   a - Freeze                         Ice                          1
   b - Throw Frost                    Conjuration/Ice              2
   c - Ozocubu's Armour               Charms/Ice                   3
   d - Throw Icicle                   Conjuration/Ice              4
   e - Summon Ice Beast               Ice/Summoning                4
 o - a book of Cantrips

   Spells                             Type                      Level
   a - Confusing Touch                Hexes                        1
   b - Animate Skeleton               Necromancy                   1
   c - Summon Small Mammal            Summoning                    1
   d - Apportation                    Translocation                1
 I - a book of Necromancy

   Spells                             Type                      Level
   a - Pain                           Necromancy                   1
   b - Animate Skeleton               Necromancy                   1
   c - Vampiric Draining              Necromancy                   3
   d - Regeneration                   Charms/Necromancy            3
   e - Animate Dead                   Necromancy                   4
   f - Control Undead                 Necromancy                   4
 N - Kikubaaqudgha's Tome of Black Magic
   (Kikubaaqudgha gifted it to you on level 7 of the Dungeon)

   Spells                             Type                      Level
   a - Animate Skeleton               Necromancy                   1
   b - Corpse Rot                     Necromancy                   2
   c - Sublimation of Blood           Necromancy                   2
   d - Vampiric Draining              Necromancy                   3
   e - Control Undead                 Necromancy                   4
Comestibles
 c - 6 bread rations
 d - 2 beef jerkies
 f - 9 chunks of flesh
 g - 6 meat rations
 L - 3 fruits
 P - 2 slices of pizza


   Skills:
 + Level 2.2 Fighting
 + Level 4.8 Dodging
 - Level 6.0 Stealth
 - Level 6.0 Spellcasting
 + Level 6.3 Conjurations
 - Level 5.0 Charms
 + Level 4.8 Summonings
 + Level 7.4 Necromancy
 + Level 8.5 Ice Magic


You had one spell level left.
You knew the following spells:

 Your Spells              Type           Power        Failure   Level  Hunger
a - Freeze                Ice            ####         1%          1    None
b - Throw Frost           Conj/Ice       #####.       1%          2    None
c - Ozocubu's Armour      Chrm/Ice       #####...     1%          3    #......
d - Regeneration          Chrm/Necr      #####.....   1%          3    #......
e - Throw Icicle          Conj/Ice       #####...     4%          4    ###....
f - Summon Ice Beast      Ice/Summ       #####...     6%          4    ###....
g - Animate Skeleton      Necr           N/A          1%          1    None
h - Sublimation of Blood  Necr           #####.....   1%          2    None


Dungeon Overview and Level Annotations

Branches:
Dungeon (8/15)             Temple (1/1) D:5
   Lair: D:8-11

Altars:
Ashenzari
Cheibriados
Dithmenos
Elyvilon
Fedhas
Gozag
Hepliaklqana
Kikubaaqudgha
Nemelex Xobeh
Qazlal
Ru
Sif Muna
Trog
Uskayaw
Vehumet
Xom
Zin
The Shining One

Shops:
D:3 *   D:4 (


Message History

The gnoll shaman dies!
Kikubaaqudgha accepts your kill.
You take 1 damage, and have 32/53 hp.
Casting: Summon Ice Beast
Confirm with . or Enter, or press ? or * to list all spells.
Aiming: Freeze
Press: ? - help, Shift-Dir - straight line, f - gnoll
Aim: a gnoll, wielding a whip (fast)
You freeze the gnoll.
The gnoll is moderately wounded.
The gnoll zaps a wand.
The bolt of acid hits you!
You are splashed with acid!
The acid burns!
* * * LOW HITPOINT WARNING * * *
It is a wand of acid.
The worker ant closely misses you.
Your ice beast hits the troll.
Your ice beast freezes the troll!
The troll bites your ice beast.
Your ice beast dies!
The gnoll closely misses you.
The gnoll zaps a wand.
The bolt of acid hits you!
You die...
Kikubaaqudgha rasps: "You have failed me!
Welcome... death!"

.##..###.#...#....##...9.##......
. #..# #.#...#..._.#.......### .
.... ....# ...##.......### .....
#.#?# ..##.....)##......
#..##.......#.# ......
#...###.......# #....
#...........#.# ....
#.#...g##g###.#... #$)
.......@a.TYg.#.#.# !?
......###.#####+#.g. ....# #.#
#g# #.# #.# .g. . ... .. #.# #.#
#.#


You could see a troll, a worker ant, 3 gnolls and a friendly ice beast.

Vanquished Creatures
  Pikel (D:4)
  The ghost of sveltemanboy the Poker, a novice MfIE of Okawaru (D:5)
  A hippogriff (D:7)
  A spriggan (D:7)
  Eustachio (D:4)
  Edmund (D:4)
  A slave (D:4)
  2 ice beasts (D:5)
  3 ogres
  A centaur (D:8)
  A crocodile (D:8)
  5 bullfrogs
  A killer bee (D:8)
  3 wights
  3 howler monkeys
  A bullfrog zombie (D:7)
  A centaur zombie (D:5)
  2 crimson imps (D:5)
  3 hounds
  2 jellies
  2 orc priests
  4 orc wizards
  2 bullfrog skeletons (D:4)
  2 iguanas
  4 worker ants
  A hound skeleton (D:5)
  2 howler monkey zombies
  Robin (D:3)
  3 gnolls (D:6)
  4 adders
  A shadow imp (D:8)
  An ooze (D:1)
  An adder skeleton (D:7)
  An adder zombie (D:6)
  A worm (D:7)
  2 dart slugs (D:1)
  4 leopard geckos
  24 orcs
  A ball python (D:5)
  3 giant cockroaches
  15 goblins
  13 hobgoblins
  4 jackals
  15 kobolds
  2 quokkas
  9 bats
  9 frilled lizards
  2 quokka skeletons
  4 rats
172 creatures vanquished.

Vanquished Creatures (collateral kills)
  A centaur warrior (D:8)
  A hungry ghost (D:7)
  A phantom (D:8)
  An ogre (D:8)
  A centaur (D:7)
  A scorpion (D:4)
  A howler monkey (D:8)
  A gnoll shaman (D:8)
  A shadow imp (D:8)
  A leopard gecko (D:4)
  3 orcs
  A giant cockroach (D:4)
  A quokka (D:5)
  A jackal skeleton (D:4)
  2 leopard gecko skeletons (D:4)
18 creatures vanquished.

Vanquished Creatures (others)
  A slave (D:4)
  An adder (D:4)
  An ooze (D:4)
  2 worms (D:4)
5 creatures vanquished.

Grand Total: 195 creatures vanquished

Notes
Turn   | Place    | Note
-------+----------+-------------------------------------------
     0 | D:1      | Haldmier the Deep Elf Ice Elementalist began the quest for the Orb.
     0 | D:1      | Reached XP level 1. HP: 10/10 MP: 6/6
   135 | D:1      | Reached XP level 2. HP: 15/15 MP: 6/8
   151 | D:1      | Reached skill level 4 in Ice Magic
   660 | D:1      | Reached XP level 3. HP: 13/19 MP: 7/9
  1178 | D:2      | Reached skill level 5 in Ice Magic
  1243 | D:2      | Found a bloodstained altar of Trog.
  1243 | D:2      | Found a hazy altar of Hepliaklqana.
  1361 | D:2      | Learned a level 2 spell: Throw Frost
  1365 | D:2      | Learned a level 3 spell: Ozocubu's Armour
  1509 | D:2      | Reached XP level 4. HP: 24/24 MP: 6/10
  1547 | D:2      | Learned a level 1 spell: Animate Skeleton
  1582 | D:2      | You fall through a shaft for 2 floors!
  1777 | D:4      | Noticed a slave
  1806 | D:4      | Reached skill level 1 in Charms
  2093 | D:3      | Noticed Robin
  2124 | D:3      | Killed Robin
  2405 | D:3      | Reached skill level 1 in Necromancy
  2450 | D:3      | Reached XP level 5. HP: 28/28 MP: 11/11
  2470 | D:3      | Found Zin's Purification Station.
  2485 | D:3      | Found a glowing silver altar of Zin.
  2839 | D:4      | Noticed an ogre
  2847 | D:4      | Killed an ogre
  2847 | D:4      | Reached XP level 6. HP: 6/32 MP: 6/13
  3126 | D:4      | Noticed Eustachio
  3151 | D:4      | Killed Eustachio
  3151 | D:4      | Reached skill level 6 in Ice Magic
  3160 | D:4      | Learned a level 4 spell: Throw Icicle
  3410 | D:4      | Noticed a slave
  3411 | D:4      | Noticed a slave
  3415 | D:4      | Noticed Pikel
  3418 | D:4      | Noticed a slave
  3420 | D:4      | Killed a slave
  3426 | D:4      | Killed Pikel
  3426 | D:4      | Reached skill level 5 in Spellcasting
  3426 | D:4      | Reached XP level 7. HP: 21/36 MP: 2/16
  3598 | D:4      | Found an opulent altar of Gozag.
  3690 | D:4      | Reached skill level 5 in Stealth
  3954 | D:4      | Noticed Edmund
  4032 | D:4      | Killed Edmund
  4032 | D:4      | Reached XP level 8. HP: 27/41 MP: 0/17
  4313 | D:4      | Found Xiecerus's Antique Weapon Boutique.
  4324 | D:4      | Reached skill level 5 in Charms
  4486 | D:4      | Learned a level 4 spell: Summon Ice Beast
  4488 | D:5      | Entered Level 5 of the Dungeon
  4488 | D:5      | Found a sparkling altar of Nemelex Xobeh.
  4550 | D:5      | Noticed sveltemanboy's ghost (novice MfIE)
  4571 | D:5      | Killed sveltemanboy's ghost
  4571 | D:5      | Reached skill level 1 in Summonings
  4710 | D:5      | Reached skill level 7 in Ice Magic
  4789 | D:5      | Learned a level 3 spell: Regeneration
  5010 | D:5      | Reached skill level 5 in Necromancy
  5164 | D:5      | Found a staircase to the Ecumenical Temple.
  5212 | Temple   | Entered the Ecumenical Temple
  5250 | Temple   | Became a worshipper of Kikubaaqudgha
  5825 | D:5      | Reached XP level 9. HP: 45/45 MP: 10/20
  6097 | D:6      | Reached skill level 5 in Conjurations
  6628 | D:6      | Found a stormy altar of Qazlal.
  6764 | D:7      | Reached * piety under Kikubaaqudgha
  6764 | D:7      | Identified Kikubaaqudgha's Tome of Black Magic (Kikubaaqudgha gifted it to you on level 7 of the Dungeon)
  6764 | D:7      | Received a gift from Kikubaaqudgha
  6774 | D:7      | Learned a level 2 spell: Sublimation of Blood
  7352 | D:7      | Reached skill level 1 in Fighting
  7913 | D:8      | Found a shadowy altar of Dithmenos.
  7959 | D:8      | Reached skill level 8 in Ice Magic
  7971 | D:8      | Got a bloodstained spear {pierce}
  8058 | D:8      | Noticed a gargoyle
  8153 | D:8      | Noticed a centaur warrior
  8182 | D:8      | Killed a centaur warrior
  8182 | D:8      | Reached XP level 10. HP: 28/53 MP: 5/21
  8285 | D:8      | Reached ** piety under Kikubaaqudgha
  8305 | D:8      | Killed from afar by a gnoll

Skill      XL: |  1  2  3  4  5  6  7  8  9 |
---------------+----------------------------+-----
Ice Magic      | 4 5 6 7 8 |  8.5
Charms         | 1 2 4 5 |  5.0
Necromancy     | 1 2 3 4 5 7 |  7.4
Stealth        | 3 4 5 6 |  6.0
Conjurations   | 2 3 4 6 |  6.3
Spellcasting   | 5 6 |  6.0
Summonings     | 2 4 |  4.8
Dodging        | 4 |  4.8
Fighting       | 2 |  2.2

Action                   |  1- 3 |  4- 6 |  7- 9 | 10-12 || total
-------------------------+-------+-------+-------+-------++-------
Melee: Short sword       |       |    21 |       |       ||    21
       Spear             |       |     1 |       |       ||     1
       Flail             |       |    18 |       |       ||    18
       Whip              |       |       |     2 |       ||     2
       Dagger            |       |       |    46 |       ||    46
       Trident           |       |       |   141 |     6 ||   147
 Fire: Blowgun           |       |       |     1 |       ||     1
 Cast: Freeze            |    65 |    37 |    72 |     1 ||   175
       Animate Skeleton  |       |    16 |    27 |     1 ||    44
       Ozocubu's Armour  |       |     8 |    24 |     1 ||    33
       Throw Frost       |       |    17 |    42 |     2 ||    61
       Throw Icicle      |       |     4 |    31 |     1 ||    36
       Regeneration      |       |       |    14 |     2 ||    16
       Summon Ice Beast  |       |       |     6 |     2 ||     8
       Sublimation of Bl |       |       |       |     2 ||     2
  Use: Scroll            |       |     9 |     8 |       ||    17
 Stab: Sleeping          |       |     5 |     2 |       ||     7
       Distracted        |       |       |     1 |     1 ||     2
  Eat: Chunk             |     2 |     6 |    17 |     1 ||    26
       Beef jerky        |       |       |     1 |       ||     1
       Meat ration       |       |       |     1 |       ||     1
Armor: Robe              |     5 |    10 |    88 |     8 ||   111
Dodge: Dodged            |    32 |    48 |   188 |     6 ||   274
